 Dungeon Crawl Stone Soup version 0.22-a0-402-ga933591907 (webtiles) character file.

322 RaHiT the Digger (level 6, -1/49 HPs)
             Began as a Deep Dwarf Earth Elementalist on May 6, 2018.
             Slain by a river rat (6 damage)
             ... in a sewer.
             The game lasted 00:28:58 (4615 turns).

RaHiT the Digger (Deep Dwarf Earth Elementalist)    Turns: 4615, Time: 00:28:59

Health: -1/49      AC:  5    Str: 11    XL:     6   Next: 22%
Magic:  2/12       EV: 12    Int: 18    God:
Gold:   102        SH:  0    Dex: 13    Spells: 7/13 levels left

rFire    . . .     SeeInvis .   m - +3 short sword (protect)
rCold    . . .     Gourm    .   (no shield)
rNeg     . . .     Faith    .   c - +1 robe
rPois    .         Spirit   .   (no helmet)
rElec    +         Reflect  .   h - +1 cloak
rCorr    .         Harm     +   (no gloves)
MR       .....     Clarity  +   (no boots)
Stlth    ++........             e - amulet of harm
HPRegen  0.00/turn              (no ring)
MPRegen  0.13/turn              (no ring)

@: non-regenerating
A: damage resistance, heal wounds, clarity, sense surroundings 1, electricity
resistance, no regeneration
a: Heal Wounds


You were in a sewer.
You were not hungry.

You visited 1 branch of the dungeon, and saw 4 of its levels.
You also visited: Sewer.

You collected 102 gold pieces.

Inventory:

Hand Weapons
 m - a +3 short sword of protection (weapon)
Missiles
 i - 2 throwing nets (quivered)
 l - 5 javelins
Armour
 c - a +1 robe (worn)
 h - a +1 cloak (worn)
 n - +0 shadow dragon scales
Jewellery
 e - an amulet of harm (around neck)
Wands
 p - a wand of scattershot (4)
 s - a wand of flame (17)
Scrolls
 f - 2 scrolls of remove curse
 g - a scroll of amnesia
 o - 2 scrolls of blinking
Potions
 a - a potion of flight
Comestibles
 d - 7 rations
 r - a chunk of flesh


   Skills:
 - Level 2.1 Dodging
 - Level 2.4 Stealth
 - Level 4.0 Spellcasting
 - Level 0.8 Transmutations
 * Level 7.3 Earth Magic


You had 7 spell levels left.
You knew the following spells:

 Your Spells              Type           Power        Failure   Level  Hunger
a - Sandblast             Erth           ####..       1%          1    None
b - Stone Arrow           Conj/Erth      ###...       10%         3    ###....
c - Passwall              Tmut/Erth      ###.......   4%          2    ##.....


Dungeon Overview and Level Annotations

Branches:
Dungeon (4/15)
 Temple: D:4-7

Altars:
Ashenzari
Cheibriados
Nemelex Xobeh
Uskayaw
Wu Jian


Innate Abilities, Weirdness & Mutations

You are resistant to damage.
You can heal yourself by infusing magical energy.
You passively map a small area around you.
You do not regenerate.
You possess an exceptional clarity of mind.
You are resistant to electric shocks. (rElec)


Message History

Your weapon exudes an aura of protection.
You kill the river rat!
The river rat barely misses you.
You closely miss the river rat.
The river rat bites you but does no damage.
You barely miss the river rat. The river rat misses you.
You hit the river rat.
Your weapon exudes an aura of protection.
The river rat is moderately wounded.
The river rat barely misses you.
You barely miss the river rat.
The river rat is moderately wounded.
The river rat barely misses you.
You barely miss the river rat.
The river rat is moderately wounded.
The river rat barely misses you.
You barely miss the river rat.
The river rat is moderately wounded.
The river rat bites you.
You die...

≈≈≈≈≈≈≈≈≈≈≈≈≈≈≈≈≈≈≈≈≈
≈≈≈≈≈≈≈≈≈≈≈≈≈≈≈≈≈≈≈≈.
≈≈≈≈≈≈≈≈≈≈≈ **..≈≈≈..
≈≈≈≈≈≈≈≈.## .....(..
*#≈≈≈≈..##.....##.. *
#≈≈≈.......... ##r ≈
, #......†.....# ..
+.r....####... ≈ ,
#@...### ≈ ###### * *
* *


You could see a river rat.

Vanquished Creatures
  A hound (D:4)
  Crazy Yiuf (D:3)
  An orc wizard (D:3)
  3 gnolls (D:2)
  7 adders
  4 river rats
  An ooze (D:3)
  A worm (D:3)
  3 dart slugs
  2 leopard geckos (D:1)
  7 orcs (D:3)
  5 ball pythons
  8 bats
  6 giant cockroaches
  6 goblins
  8 hobgoblins
  2 jackals (D:3)
  10 kobolds
  A quokka (D:3)
  4 frilled lizards
  10 rats
91 creatures vanquished.

Notes
Turn   | Place    | Note
-------+----------+-------------------------------------------
     0 | D:1      | RaHiT the Deep Dwarf Earth Elementalist began the quest for the Orb.
     0 | D:1      | Reached XP level 1. HP: 15/15 MP: 3/3
   166 | D:1      | Reached XP level 2. HP: 22/22 MP: 1/5
   919 | D:2      | Reached XP level 3. HP: 26/28 MP: 0/7
  1020 | D:2      | Learned a level 3 spell: Stone Arrow
  1328 | D:2      | Found a hide-covered altar of Uskayaw.
  1559 | D:2      | Learned a level 2 spell: Passwall
  1768 | D:2      | Reached XP level 4. HP: 9/36 MP: 3/9
  2209 | D:2      | Found a snail-covered altar of Cheibriados.
  2314 | D:3      | Found a runed door.
  2318 | D:3      | Noticed Crazy Yiuf
  2322 | D:3      | Killed Crazy Yiuf
  2429 | D:3      | Reached skill level 5 in Earth Magic
  2429 | D:3      | Reached XP level 5. HP: 26/42 MP: 7/11
  2610 | D:3      | Found a shattered altar of Ashenzari.
  2988 | D:3      | Found an ornate altar of the Wu Jian Council.
  3001 | D:3      | Noticed an ogre
  3183 | D:3      | Found a sparkling altar of Nemelex Xobeh.
  3398 | D:3      | Reached skill level 6 in Earth Magic
  3800 | D:4      | Noticed an ogre
  3949 | D:4      | Reached XP level 6. HP: 33/49 MP: 5/12
  3993 | D:4      | Found a glowing drain.
  4053 | Sewer    | Entered a sewer
  4438 | Sewer    | Reached skill level 7 in Earth Magic
  4490 | Sewer    | Gained mutation: You possess an exceptional clarity of mind. [potion of mutation]
  4490 | Sewer    | Gained mutation: You are resistant to electric shocks. (rElec) [potion of mutation]
  4615 | Sewer    | Slain by a river rat

Vault maps used:
D:1:      lightli_arrival_maybe_door_vault
D:2:      eat_drink_and_be_merry_uskayaw, kennysheep_slug_shrine,
          minmay_bisected
D:3:      old_standard_altar, lemuel_doored_altar, cheibrodos_ashenzari_chains,
          uniq_crazy_yiuf_cottage
D:4:      portal_sewer_entry_a, kennysheep_generic_room_4
Sewer:    sewer_minmay_treatment

Skill      XL: |  1  2  3  4  5  6 |
---------------+-------------------+-----
Spellcasting   | 2 3 4 |  4.0
Earth Magic    | 5 6 7 |  7.3
Dodging        | |  2.1
Stealth        | |  2.4
Transmutations | |  0.8

Action                   |  1- 3 |  4- 6 || total
-------------------------+-------+-------++-------
Melee: Unarmed           |     1 |       ||     1
       Short sword       |       |    10 ||    10
Throw: Javelin           |       |     1 ||     1
       Throwing net      |       |     1 ||     1
 Cast: Sandblast         |    58 |    39 ||    97
       Stone Arrow       |     8 |    58 ||    66
  Use: Scroll            |     2 |     6 ||     8
       Potion            |       |     6 ||     6
  Eat: Chunk             |     3 |    12 ||    15
       Ration            |       |     1 ||     1
Armor: Robe              |    16 |    17 ||    33
Dodge: Dodged            |    23 |    51 ||    74

Table legend:
 A = Spawn XP
 B = Non-spawn XP
 C = Spawn XP percentage of total XP
 D = Spawn monster count
 E = Non-spawn monster count
 F = Spawn count percentage of total count
 G = Total turns spent on level
                    A         B        C        D         E        F      G
               +---------+---------+-------+---------+---------+-------+---------
         Total |       0 |     460 |   0.0 |       0 |      91 |   0.0 |  4615
               +---------+---------+-------+---------+---------+-------+---------
           D:1 |       0 |      39 |   0.0 |       0 |      19 |   0.0 |   979
           D:2 |       0 |     115 |   0.0 |       0 |      23 |   0.0 |  1365
           D:3 |       0 |     153 |   0.0 |       0 |      28 |   0.0 |  1442
           D:4 |       0 |      76 |   0.0 |       0 |       5 |   0.0 |   267
         Sewer |       0 |      77 |   0.0 |       0 |      16 |   0.0 |   562
               +---------+---------+-------+---------+---------+-------+---------
